AoeStats
← christar123 ten

Arabia

509624227Analyzed
1v1 RM · 5d ago on Sep 27, 2026· 49m 40s· 2 players
Game mode
Random Map
Map size
Tiny (2 player)
Population
200
Speed
Normal
Resources
Standard
Victory
Conquest
Starting age
Dark Age
Ending age
Imperial Age
RankedLock teamsTeams togetherTeam positionsShared explorationLock speedFull tech treeHidden civsTurbo modeCheats
Victory
Defeat
🇬🇧 Saxons · United Kingdom
2052
+14
🇬🇧 Cumans · United Kingdom
1998
-14
Drush Limbaugh
8:45 Feudal Age
7:27 Loom
9:18 Double-Bit Axe
9:21 Loom
19:43 Castle Age
18:18 Gold Mining
18:27 Horse Collar
18:52 Fletching
19:04 Horse Collar
19:36 Loom
19:52 Crossbowman
20:47 Bodkin Arrow
22:36 Ballistics
25:17 Wheelbarrow
24:29 Town Watch
30:45 Wheelbarrow
31:20 Bow Saw
39:35 Imperial Age
38:43 Scale Barding Armor
38:48 Forging
38:02 Light Cavalry
38:54 Bloodlines
39:47 Chain Barding Armor
41:50 Hand Cart
44:55 Plate Barding Armor
43:44 Cavalier
45:08 Elite Skirmisher
46:04 Padded Archer Armor
47:22 Chemistry
46:54 Heavy Plow
47:23 Leather Archer Armor
christar123 ten
6:26 Loom
8:44 Feudal Age
9:35 Double-Bit Axe
19:51 Castle Age
18:20 Fletching
18:44 Horse Collar
19:51 Crossbowman
21:12 Bow Saw
21:14 Bodkin Arrow
21:58 Padded Archer Armor
27:27 Ballistics
28:28 Leather Archer Armor
30:04 Wheelbarrow
36:12 Imperial Age
33:49 Gold Mining
33:52 Stone Mining
36:13 Arbalester
36:54 Bracer
37:55 Chemistry
38:04 Two-Man Saw
37:07 Heavy Plow
37:37 Thumb Ring
39:51 Ring Archer Armor
41:15 Scale Mail Armor
41:25 Forging
40:39 Elite Varangian Guard
41:49 Squires
43:49 Chain Mail Armor
45:25 Two-Man Saw
46:00 Gold Shaft Mining
45:33 Pikeman
47:15 Plate Mail Armor
47:27 Masonry
47:56 Halberdier
Connection lost

Rejoining the realm…

Still unreachable

The connection could not be restored.

Session expired

The server has moved on; the page needs a fresh start.